 Dungeon Crawl Stone Soup version 0.28-a0-556-gab23d0e057 (webtiles) character file.

Game seed: 13771177816408326332

245 porpoise the Magician (level 5, -11/28 HPs)
             Began as a Deep Elf Conjurer on Sept 29, 2021.
             Mangled by an orc warrior (16 damage)
             ... on level 3 of the Dungeon.
             The game lasted 00:07:46 (2676 turns).

porpoise the Magician (Deep Elf Conjurer)           Turns: 2676, Time: 00:07:46

Health: -11/28     AC:  4    Str:  4    XL:     5   Next: 84%
Magic:  0/15       EV: 12    Int: 24    God:
Gold:   97         SH:  0    Dex: 13    Spells: 5/16 levels left

rFire   . . .      SeeInvis .   a - +3 dagger
rCold   . . .      Faith    .   (no shield)
rNeg    . . .      Spirit   .   b - +0 robe
rPois   .          Reflect  .   (no helmet)
rElec   .          Harm     .   k - +0 cloak
rCorr   .          Rampage  .   (no gloves)
Will    .....                   l - +0 pair of boots
Stlth   ++........              (no amulet)
HPRegen 0.09/turn               s - ring of wizardry
MPRegen 0.14/turn               (no ring)

@: no status effects
A: no striking features
a: no special abilities


You were on level 3 of the Dungeon.
You visited 1 branch of the dungeon, and saw 3 of its levels.

You collected 97 gold pieces.

Inventory:

Hand Weapons
 a - a +3 dagger (weapon)
Missiles
 d - 17 stones
 h - 20 sling bullets
 m - 2 boomerangs
Armour
 b - a +0 robe (worn)
 k - a +0 cloak (worn)
 l - a +0 pair of boots (worn)
Jewellery
 c - a ring of see invisible
 s - a ring of wizardry (left hand)
Scrolls
 e - a scroll of identify {unknown}
 i - 2 scrolls of teleportation {unknown}
 j - a scroll of amnesia {unknown}
 n - a scroll of enchant armour {unknown}
 q - a scroll of brand weapon {unknown}
 r - a scroll of noise {unknown}
Potions
 f - a potion of curing {unknown}
 g - 2 potions of invisibility {unknown}
 o - a potion of magic {unknown}
 p - a potion of might {unknown}


   Skills:
 - Level 2.4 Dodging
 - Level 2.4 Stealth
 + Level 6.2 Spellcasting
 - Level 5.4 Conjurations
 + Level 3.7 Hexes


You had 5 spell levels left.
You knew the following spells:

 Your Spells              Type           Power      Damage    Failure   Level
a - Magic Dart            Conj           100%       1d8       1%          1
b - Searing Ray           Conj           66%        2d6       1%          2
c - Fulminant Prism       Conj/Hex       14%        3d9       4%          4
d - Iskenderun's Mystic   Conj/Tloc      20%        2d6       11%         4

Your spell library contained the following spells:

 Spells                   Type           Power      Damage    Failure   Level
 Dazzling Flash           Conj/Hex       58%        N/A       1%          3
 Blink                    Tloc           N/A        N/A       4%          2
 Lesser Beckoning         Tloc           7%         N/A       10%         3
 Manifold Assault         Tloc           7%         N/A       61%         5


Dungeon Overview and Level Annotations

Branches:
Dungeon (3/15)

Altars:


Message History

The searing ray hits the orc warrior but does no damage.
The orc warrior is moderately wounded.
You finish channelling your searing ray.
The orc warrior hits you with a +0 battleaxe!
* * * LOW HITPOINT WARNING * * *
Casting: Searing Ray (safe; 1% risk of failure)
Confirm with . or Enter, or press ? or * to list all spells.
The spell is extremely dangerous to cast (11% risk of failure)!
Continue anyway?
You erupt in a blast of force!
The mystic blast hits the orc warrior but does no damage.
The orc warrior is moderately wounded.
The orc warrior barely misses you.
Casting: Iskenderun's Mystic Blast (extremely dangerous; 11% risk of failure)
Confirm with . or Enter, or press ? or * to list all spells.
The spell is extremely dangerous to cast (11% risk of failure)!
Continue anyway?
You erupt in a blast of force!
The mystic blast hits the orc warrior but does no damage.
The orc warrior is moderately wounded.
The orc warrior closely misses you.
Casting: Iskenderun's Mystic Blast (extremely dangerous; 11% risk of failure)
Confirm with . or Enter, or press ? or * to list all spells.
You don't have enough magic to cast this spell.
An orc warrior is nearby!
Casting: Iskenderun's Mystic Blast (extremely dangerous; 11% risk of failure)
Confirm with . or Enter, or press ? or * to list all spells.
Aiming: Searing Ray (safe; 1% risk of failure)
Press: ? - help, Shift-Dir - straight line, f/p - orc warrior
Aim: an orc warrior, wielding a +0 battleaxe and wearing a +0 chain mail (moderately wounded, 78% to hit)
The searing ray hits the orc warrior but does no damage.
The orc warrior is moderately wounded. (Press . to maintain the ray.)
The orc warrior completely misses you.
Casting: Searing Ray (safe; 1% risk of failure)
Confirm with . or Enter, or press ? or * to list all spells.
Okay, then.
The searing ray hits the orc warrior.
The orc warrior is heavily wounded.
The orc warrior hits you with a +0 battleaxe!
Ouch! That really hurt!
You die...

####### #### #. ...# ...
#.###.########.#####.
######.......@o..).......#
.............#####........
######.....##.####..####..
#.......###.......#
#.#####.###.#####.# #
##...## ... ##..# .....
####.)#####.##.##.#
#..)........# .# #


You could see an orc warrior.

Vanquished Creatures
  Jessica (D:2)
  Natasha (thrice) (D:2)
  2 orc wizards
  3 gnolls (D:2)
  2 adders
  2 dart slugs
  6 orcs
  6 endoplasms
  A hobgoblin (D:1)
  11 ball pythons
  5 bats
  A frilled lizard (D:1)
  3 goblins
  3 kobolds
  4 rats
53 creatures vanquished.

Notes
Turn   | Place    | Note
-------+----------+-------------------------------------------
     0 | D:1      | porpoise the Deep Elf Conjurer began the quest for the Orb.
     0 | D:1      | Reached XP level 1. HP: 10/10 MP: 6/6
   183 | D:1      | Reached XP level 2. HP: 15/15 MP: 5/8
   187 | D:1      | Learned a level 2 spell: Searing Ray
   729 | D:1      | Reached skill level 4 in Spellcasting
   857 | D:2      | Reached skill level 5 in Conjurations
   857 | D:2      | Reached XP level 3. HP: 19/19 MP: 5/10
   907 | D:2      | Noticed Jessica
   910 | D:2      | Killed Jessica
   911 | D:2      | Reached XP level 4. HP: 24/24 MP: 7/12
   953 | D:2      | Learned a level 4 spell: Fulminant Prism
   958 | D:2      | Learned a level 4 spell: Iskenderun's Mystic Blast
   959 | D:2      | Noticed Natasha
   966 | D:2      | Killed Natasha
   967 | D:2      | Reached skill level 5 in Spellcasting
   967 | D:2      | Reached skill level 1 in Hexes
  1077 | D:2      | Noticed Natasha
  1186 | D:2      | Killed Natasha
  1367 | D:2      | Noticed Natasha
  1373 | D:2      | Killed Natasha
  1374 | D:2      | Reached XP level 5. HP: 28/28 MP: 9/15
  2402 | D:3      | Reached skill level 6 in Spellcasting
  2663 | D:3      | Noticed an orc warrior
  2676 | D:3      | Mangled by an orc warrior

Illustrated notes

Levels and vault maps discovered:
D:1:      eino_arrival_tree_alley, layout_rooms, minmay_misc_feat_nine_boxes
D:2:      layout_loops_ring, uniq_jessica, uniq_natasha
D:3:      minmay_angry_zag, layout_loops_ring, uniq_terence, uniq_robin

Skill      XL: |  1  2  3  4  5 |
---------------+----------------+-----
Spellcasting   | 4 5 6 |  6.2
Conjurations   | 5 |  5.4
Hexes          | 2 3 |  3.7
Dodging        | |  2.4
Stealth        | |  2.4

Action                   |  1- 3 |  4- 6 || total
-------------------------+-------+-------++-------
Melee: Dagger            |     1 |       ||     1
 Cast: Magic Dart        |    30 |    15 ||    45
       Searing Ray       |     3 |    20 ||    23
       Iskenderun's Myst |       |     2 ||     2
Armor: Robe              |     1 |     1 ||     2
Dodge: Dodged            |     2 |     8 ||    10

Table legend: (Time is in decaauts)
 A = Elapsed time spent in this place.
 B = Non-inter-level travel time spent in this place.
 C = Inter-level travel time spent in this place.
 D = Time resting spent in this place.
 E = Time spent auto-exploring this place.
 F = Levels seen in this place.
 G = Mean time per level.
                   A        B        C        D        E       F      G
               +--------+--------+--------+--------+--------+-----+--------+
         Total |   2675 |   2640 |     35 |   1199 |    838 |   3 |  891.7 |
       Dungeon |   2675 |   2640 |     35 |   1199 |    838 |   3 |  891.7 |
               +--------+--------+--------+--------+--------+-----+--------+

Top non-repeatable levels by time:
     D:2: 1104 daAuts
     D:1: 834 daAuts
     D:3: 737 daAuts
